 Dungeon Crawl Stone Soup version 0.21.1-1-g345015f (webtiles) character file.

167 Mgcat the Insei (level 5, -8/41 HPs)
             Began as a Gnoll Transmuter on Mar 17, 2018.
             Was a Follower of Jiyva.
             Mangled by Menkaure (12 damage)
             ... on level 5 of the Dungeon.
             The game lasted 00:08:06 (2648 turns).

Mgcat the Insei (Gnoll Transmuter)                  Turns: 2648, Time: 00:08:06

Health: -8/41      AC:  5    Str: 12    XL:     5   Next: 48%
Magic:  9/12       EV: 15    Int: 16    God:    Jiyva [*.....]
Gold:   132        SH:  0    Dex: 16    Spells: 4/14 levels left

rFire    . . .     SeeInvis .     - Unarmed
rCold    . . .     Gourm    .   (no shield)
rNeg     . . .     Faith    .   b - +0 robe
rPois    .         Spirit   .   (no helmet)
rElec    .         Reflect  .   e - +0 cloak
rCorr    .         Harm     .   x - +0 pair of gloves
MR       .....                  n - +0 pair of boots
Stlth    ++........             (no amulet)
HPRegen  0.13/turn              (no ring)
MPRegen  0.13/turn              (no ring)

@: appendage, very slightly contaminated
A: distributed training, fangs 1, horns 2, strong nose
a: End Transformation, Request Jelly, Renounce Religion


You were on level 5 of the Dungeon.
You worshipped Jiyva.
Jiyva was aware of your devotion.
You were very hungry.
You had grown temporary horns.
You visited 2 branches of the dungeon, and saw 6 of its levels.

You collected 132 gold pieces.

Inventory:

Missiles
 a - 41 arrows
 g - 2 throwing nets {=f, !d}
 o - 6 tomahawks
 t - 7 javelins (quivered)
Armour
 b - a +0 robe (worn)
 e - a +0 cloak (worn)
   (You found it on level 1 of the Dungeon)
 n - a +0 pair of boots (worn)
   (You found it on level 1 of the Dungeon)
 u - a +0 leather armour
   (You found it on level 2 of the Dungeon)
 x - a +0 pair of gloves (worn)
   (You found it on level 3 of the Dungeon)
Scrolls
 f - 7 scrolls of remove curse {unknown}
 i - 2 scrolls of teleportation {unknown}
 k - 2 scrolls of amnesia {unknown}
 m - a scroll of fear {unknown}
 r - a scroll of blinking {unknown}
 s - 4 scrolls of identify {unknown}
 w - a scroll of magic mapping {unknown}
 y - a scroll of immolation {unknown}
Potions
 j - a potion of mutation {unknown}
 l - 3 potions of curing {unknown}
 p - a potion of invisibility {unknown}
 q - a potion of ambrosia {unknown}
 v - 2 potions of might {unknown}
 z - 2 potions of flight {unknown}
Books
 c - a book of Changes
Comestibles
 d - 4 rations


   Skills:
 + Level 3.0 Fighting
 + Level 1.4 Short Blades
 + Level 1.4 Long Blades
 + Level 1.4 Axes
 + Level 1.4 Maces & Flails
 + Level 1.4 Polearms
 + Level 1.4 Staves
 + Level 1.4 Slings
 + Level 1.4 Bows
 + Level 1.4 Crossbows
 + Level 1.4 Throwing
 + Level 1.4 Armour
 + Level 4.8 Dodging
 + Level 1.4 Stealth
 + Level 1.4 Shields
 + Level 6.7 Unarmed Combat
 + Level 5.2 Spellcasting
 + Level 1.1 Conjurations
 + Level 1.1 Hexes
 + Level 1.1 Charms
 + Level 1.1 Summonings
 + Level 1.1 Necromancy
 + Level 1.1 Translocations
 + Level 3.9 Transmutations
 + Level 1.1 Fire Magic
 + Level 1.1 Ice Magic
 + Level 1.1 Air Magic
 + Level 1.1 Earth Magic
 + Level 1.1 Poison Magic
 + Level 1.6 Invocations
 + Level 1.4 Evocations


You had 4 spell levels left.
You knew the following spells:

 Your Spells              Type           Power        Failure   Level  Hunger
a - Beastly Appendage     Tmut           ###...       3%          1    None
b - Sticks to Snakes      Tmut           ###.....     4%          2    #......
c - Spider Form           Tmut/Pois      ##........   16%         3    ###....
d - Ice Form              Ice/Tmut       ##......     45%         4    ####...


Dungeon Overview and Level Annotations

Branches:
Dungeon (5/15)             Temple (1/1) D:4

Altars:
Cheibriados
Elyvilon
Fedhas
Gozag
Kikubaaqudgha
Nemelex Xobeh
Qazlal
Trog
Uskayaw
Vehumet
Wu Jian
Xom
Yredelemnul
Zin
The Shining One
Jiyva

Annotations:
D:2 exclusion: Sigmund, Sigmund
D:5 Lanoc's ghost, novice MfMo; Menkaure


Innate Abilities, Weirdness & Mutations

Your experience applies equally to all skills.
You have very sharp teeth.
Your uncanny sense of smell can sniff out nearby items.
You have a pair of horns on your head.


Message History

Confirm with . or Enter, or press ? or * to list all spells.
You create a snake!
You now have 42 arrows.
You hear a distant slurping noise.
Jiyva appreciates your sacrifice.
The gnoll sergeant hits you from afar with a trident!
* * * LOW HITPOINT WARNING * * *
The gnoll sergeant hits you from afar with a trident.
* * * LOW HITPOINT WARNING * * *
Okay, then.
Unknown command.
You swap places.
The gnoll sergeant hits your ball python with a trident.
Your ball python dies!
Your transformation is almost over.
Your horns disappear.
You hear a distant slurping noise.
You can now request a jelly.
Jiyva appreciates your sacrifice.
There is a stone staircase leading down here.
You hear a distant slurping noise.
You climb downwards.
There is a stone staircase leading up here.
You are feeling hungry.
Magic restored.
Lanoc's ghost (novice Merfolk Monk) comes into view.
You hear a splatter.
You hear a distant slurping noise.
You hear a distant slurping noise.
You hear a distant slurping noise.
Jiyva appreciates your sacrifice.
You hear a distant slurping noise.
You hear a distant slurping noise.
You hear a distant slurping noise.
You hear a distant slurping noise.
You hear a squelching noise.
Jiyva says: Divide and consume!
You hear a distant slurping noise.
You hear a distant slurping noise.
You hear a distant slurping noise.
You hear a distant slurping noise.
You hear a squelching noise.
You hear a distant slurping noise.
You hear a squelching noise.
You hear a distant slurping noise.
Jiyva appreciates your sacrifice.
You hear a distant slurping noise.
Jiyva appreciates your sacrifice.
You are feeling very hungry.
HP restored.
Found a stone staircase leading up.
There is a stone staircase leading up here.
z - 2 inky potions (gained 1)
Found an escape hatch in the ceiling.
You hear a distant slurping noise.
Jiyva appreciates your sacrifice.
You hear a distant slurping noise.
Jiyva appreciates your sacrifice.
You hear a distant slurping noise.
You hear a distant slurping noise.
Jiyva appreciates your sacrifice.
You hear a squelching noise.
You hear a distant slurping noise.
You hear a distant slurping noise.
You hear a distant slurping noise.
You hear a distant slurping noise.
You hear a squelching noise.
You hear a distant slurping noise.
You hear a squelching noise.
You hear a distant slurping noise.
Found an escape hatch in the floor.
There is an escape hatch in the floor here.
There is an escape hatch in the floor here.
You hear a distant slurping noise.
Jiyva gurgles merrily.
Marking area around Menkaure as unsafe for travelling.
Menkaure, Prince of Dust comes into view.
Menkaure shouts!
Unknown command.
Unknown command.
Casting: Sticks to Snakes
Confirm with . or Enter, or press ? or * to list all spells.
You miscast Beastly Appendage.
You are very lightly contaminated with residual magic.
You feel a strange surge of energy!
Menkaure calls on the powers of darkness!
Your body is wracked with pain!
Casting: Beastly Appendage
Confirm with . or Enter, or press ? or * to list all spells.
You grow a pair of large bovine horns.
You hit Menkaure.
Menkaure is lightly damaged.
Menkaure hits you.
You hit Menkaure but do no damage.
You headbutt Menkaure, but do no damage.
Menkaure is lightly damaged.
You barely miss Menkaure. You bite Menkaure, but do no damage.
Menkaure is lightly damaged.
Menkaure hits you!
* * * LOW HITPOINT WARNING * * *
Casting: Beastly Appendage
Confirm with . or Enter, or press ? or * to list all spells.
You create a snake!
You now have 41 arrows.
Menkaure points at you and mumbles some strange words.
You barely resist. Menkaure hits you!
You die...

#### ### ## #..# ##.#
#. ## ##.## #>### ##
#.##.###..## ##..##
...###...###....#
#...# #.....###...#.##
##... #......S....#..#
##..
#....@.........####...
#....M.....#...#....#.
#.....#.....###..####.
#.....###....##.## #.
#....... ###.....##
##. .....##..
##.....###.. ..... ##.
#.......... ..#.. ..
##...###..# ∆
####..J.###.#


You could see Menkaure and a friendly ball python.

Vanquished Creatures
  A crimson imp (D:2)
  Natasha (D:2)
  2 adders (D:3)
  2 gnolls (D:4)
  A worm (D:3)
  2 dart slugs
  2 leopard geckos
  2 orcs
  6 giant cockroaches
  7 goblins
  3 hobgoblins
  4 jackals (D:1)
  5 kobolds
  7 bats
  5 frilled lizards
  8 rats
58 creatures vanquished.

Vanquished Creatures (others)
  Blork the orc (D:5)
  5 jellies
  A crimson imp (D:5)
  A gnoll (D:4)
  An adder (D:4)
  An orc (D:4)
10 creatures vanquished.

Grand Total: 68 creatures vanquished

Notes
Turn   | Place    | Note
-------+----------+-------------------------------------------
     0 | D:1      | Mgcat the Gnoll Transmuter began the quest for the Orb.
     0 | D:1      | Reached XP level 1. HP: 17/17 MP: 6/6
    84 | D:1      | Reached XP level 2. HP: 23/23 MP: 5/7
   661 | D:1      | Learned a level 2 spell: Sticks to Snakes
   665 | D:1      | Reached XP level 3. HP: 27/28 MP: 7/9
   884 | D:2      | Reached skill level 5 in Spellcasting
  1044 | D:2      | Found a bloodstained altar of Trog.
  1049 | D:2      | Learned a level 3 spell: Spider Form
  1068 | D:2      | Noticed Natasha
  1075 | D:2      | HP: 5/28 [Natasha/magic dart (6)]
  1076 | D:2      | Killed Natasha
  1076 | D:2      | Reached skill level 1 in Short Blades
  1076 | D:2      | Reached skill level 1 in Long Blades
  1076 | D:2      | Reached skill level 1 in Axes
  1076 | D:2      | Reached skill level 1 in Maces & Flails
  1076 | D:2      | Reached skill level 1 in Polearms
  1076 | D:2      | Reached skill level 1 in Staves
  1076 | D:2      | Reached skill level 1 in Slings
  1076 | D:2      | Reached skill level 1 in Bows
  1076 | D:2      | Reached skill level 1 in Crossbows
  1076 | D:2      | Reached skill level 1 in Throwing
  1076 | D:2      | Reached skill level 1 in Armour
  1076 | D:2      | Reached skill level 1 in Stealth
  1076 | D:2      | Reached skill level 1 in Shields
  1076 | D:2      | Reached skill level 1 in Invocations
  1076 | D:2      | Reached skill level 1 in Evocations
  1266 | D:2      | Noticed Sigmund
  1294 | D:2      | Reached XP level 4. HP: 30/34 MP: 9/11
  1308 | D:2      | Reached skill level 1 in Conjurations
  1308 | D:2      | Reached skill level 1 in Hexes
  1308 | D:2      | Reached skill level 1 in Charms
  1308 | D:2      | Reached skill level 1 in Summonings
  1308 | D:2      | Reached skill level 1 in Necromancy
  1308 | D:2      | Reached skill level 1 in Translocations
  1308 | D:2      | Reached skill level 1 in Fire Magic
  1308 | D:2      | Reached skill level 1 in Ice Magic
  1308 | D:2      | Reached skill level 1 in Air Magic
  1308 | D:2      | Reached skill level 1 in Earth Magic
  1308 | D:2      | Reached skill level 1 in Poison Magic
  1348 | D:2      | Found a shimmering altar of Xom.
  1526 | D:3      | Found a blossoming altar of Fedhas.
  1630 | D:3      | Reached XP level 5. HP: 37/40 MP: 12/12
  2010 | D:3      | Learned a level 4 spell: Ice Form
  2027 | D:4      | Found a snail-covered altar of Cheibriados.
  2031 | D:4      | Found a staircase to the Ecumenical Temple.
  2037 | Temple   | Entered the Ecumenical Temple
  2130 | Temple   | Became a worshipper of Jiyva Jidumnar the Shapeless
  2282 | D:4      | Reached skill level 3 in Fighting
  2298 | D:4      | HP: 7/41 [gnoll sergeant/trident (8)]
  2314 | D:4      | Reached * piety under Jiyva
  2316 | D:5      | Entered Level 5 of the Dungeon
  2330 | D:5      | Noticed Lanoc's ghost (novice MfMo)
  2587 | D:5      | Killed Blork the orc
  2639 | D:5      | Noticed Menkaure
  2646 | D:5      | HP: 4/41 [Menkaure (16)]
  2648 | D:5      | Mangled by Menkaure

Skill      XL: |  1  2  3  4  5 |
---------------+----------------+-----
Spellcasting   | 5 |  5.2
Short Blades   | 1 |  1.4
Long Blades    | 1 |  1.4
Axes           | 1 |  1.4
Maces & Flails | 1 |  1.4
Polearms       | 1 |  1.4
Staves         | 1 |  1.4
Slings         | 1 |  1.4
Bows           | 1 |  1.4
Crossbows      | 1 |  1.4
Throwing       | 1 |  1.4
Armour         | 1 |  1.4
Stealth        | 1 |  1.4
Shields        | 1 |  1.4
Invocations    | 1 |  1.6
Evocations     | 1 |  1.4
Conjurations   | 1 |  1.1
Hexes          | 1 |  1.1
Charms         | 1 |  1.1
Summonings     | 1 |  1.1
Necromancy     | 1 |  1.1
Translocations | 1 |  1.1
Fire Magic     | 1 |  1.1
Ice Magic      | 1 |  1.1
Air Magic      | 1 |  1.1
Earth Magic    | 1 |  1.1
Poison Magic   | 1 |  1.1
Fighting       | 3 |  3.0
Dodging        | |  4.8
Unarmed Combat | |  6.7
Transmutations | |  3.9

Action                   |  1- 3 |  4- 6 || total
-------------------------+-------+-------++-------
Melee: Unarmed           |    60 |    89 ||   149
       Punch             |     2 |     1 ||     3
       Kick              |     2 |       ||     2
       Headbutt          |     8 |     9 ||    17
       Bite              |     4 |    11 ||    15
 Cast: Beastly Appendage |    12 |    11 ||    23
       Sticks to Snakes  |       |     4 ||     4
 Stab: Sleeping          |     1 |     2 ||     3
  Eat: Chunk             |     1 |     3 ||     4
Armor: Robe              |     5 |    14 ||    19
       Scale mail        |    16 |       ||    16
       Leather armour    |     1 |       ||     1
Dodge: Dodged            |    34 |    64 ||    98

Vault maps used:
D:1:      co_arrival_random_square_maze, minmay_crystal_water,
          hangedman_decor_growths, minmay_tetromino_i2
D:2:      overflow_temple_1_default, lemuel_round_altar, uniq_sigmund,
          uniq_natasha
D:3:      fedhas_altar_3
D:4:      lemuel_crystal_altar, minmay_temple_entry_hall, serial_shops, shop,
          nicolae_shop_behind_doors, nrook_mini_backslash
D:5:      nicolae_ru_awakened_eye, first_ration, basic_altar, uniq_menkaure,
          uniq_blork_the_orc, uniq_pikel
Temple:   pf_slimified_temple

Table legend:
 A = Turns spent in this place as a percentage of turns spent in the entire game.
 B = Non-inter-level travel turns spent in this place as a percentage of non-inter-level travel turns spent in the entire game.
 C = Inter-level travel turns spent in this place as a percentage of turns spent in this place.
 D = Turns resting spent in this place as a percentage of non-inter-level travel turns spent in this place.
 E = Turns spent auto-exploring this place as a percentage of non-inter-level travel turns spent in this place.
 F = Non-inter-level travel turns spent in this place divided by the number of levels of this place that you've seen.
                   A       B       C       D       E      F
               +-------+-------+-------+-------+-------+----------------------
         Total | 100.0 | 100.0 |   2.7 |   0.0 |  78.7 | 429.3
       Dungeon |  96.3 |  96.2 |   2.8 |   0.0 |  79.0 | 495.6
        Temple |   3.7 |   3.8 |   0.0 |   0.0 |  71.4 |  98.0
               +-------+-------+-------+-------+-------+----------------------

Table legend:
 A = Kills in this place as a percentage of kills in entire the game.
 B = Kills by you in this place as a percentage of kills by you in the entire game.
 C = Kills by friends in this place as a percentage of kills by friends in the entire game.
 D = Other kills in this place as a percentage of other kills in the entire game.
 E = Experience gained in this place as a percentage of experience gained in the entire game.
 F = Experience gained in this place divided by the number of levels of this place that you have seen.
                   A       B       C       D       E      F
               +-------+-------+-------+-------+-------+----------------------
         Total | 100.0 | 100.0 |   N/A |   N/A | 100.0 |  39.8
       Dungeon | 100.0 | 100.0 |   N/A |   N/A | 100.0 |  47.8
               +-------+-------+-------+-------+-------+----------------------
